 Dungeon Crawl Stone Soup version 0.23.2-1-ga50397a (webtiles) character file.

Game seed: 7273885473866628489

8547 myga the Spear-Bearer (level 11, -25/75 HPs)
             Began as a Halfling Berserker on Apr 29, 2019.
             Was a High Priest of Trog.
             Shot with a bolt by a yaktaur captain (46 damage)
             ... on level 10 of the Dungeon on Apr 30, 2019.
             The game lasted 00:43:37 (9069 turns).

myga the Spear-Bearer (Halfling Berserker)          Turns: 9069, Time: 00:43:37

Health: -25/75     AC: 18    Str: 22    XL:     11   Next: 57%
Magic:  11/11      EV: 13    Int:  5    God:    Trog [*****.]
Gold:   345        SH:  5    Dex: 18    Spells: 10/10 levels left

rFire    + . .     SeeInvis .   o - +4 trident (venom)
rCold    + . .     Gourm    .   (shield currently unavailable)
rNeg     . . .     Faith    .   v - +2 chain mail {rPois}
rPois    +         Spirit   .   b - +1 helmet
rElec    .         Reflect  +   q - scarf {rC+ rF+}
rCorr    .         Harm     .   (no gloves)
MR       ++...                  p - +2 pair of boots
Stlth    ..........             F - +5 amulet of reflection
HPRegen  1.22/turn              L - +4 ring of strength
MPRegen  0.12/turn              (no ring)

@: berserk cooldown, regenerating, slowed, very slow
A: small, mutation resistance 1
a: Berserk, Trog's Hand, Brothers in Arms, Renounce Religion


You were on level 10 of the Dungeon.
You worshipped Trog.
Trog was extremely pleased with you.
You were very hungry.

You visited 1 branch of the dungeon, and saw 10 of its levels.

You collected 585 gold pieces.
You spent 240 gold pieces at shops.

Inventory:

Hand Weapons
 o - a +4 trident of venom (weapon)
 A - a +0 war axe of freezing
 I - a +0 hunting sling
 J - a +0 blowgun
Missiles
 e - 257 stones (quivered)
 f - 79 sling bullets
 r - 9 tomahawks
 y - 2 throwing nets
 K - 32 poisoned needles
Armour
 b - a +1 helmet (worn)
 p - a +2 pair of boots (worn)
 q - a scarf of resistance (worn)
 v - a +2 chain mail of poison resistance (worn)
 B - a +0 buckler
 H - a +0 pair of boots
Jewellery
 F - a +5 amulet of reflection (around neck)
 L - a +4 ring of strength (left hand)
Wands
 n - a wand of random effects (27)
 u - a wand of iceblast (10)
 D - a wand of paralysis (10)
Scrolls
 g - 3 scrolls of remove curse
 h - a scroll of immolation
 l - 2 scrolls of enchant armour
 t - a scroll of magic mapping
 x - a scroll of blinking {unknown}
 z - a scroll of enchant weapon {unknown}
 G - a scroll of fog {unknown}
Potions
 a - a potion of ambrosia {unknown}
 d - a potion of agility
 i - 6 potions of curing
 j - 3 potions of resistance
 k - a potion of mutation
 m - 2 potions of lignification
 s - 2 potions of haste
 w - 3 potions of heal wounds
 E - 3 potions of might
 M - a potion of invisibility {unknown}
Comestibles
 c - 10 rations
 C - 9 chunks of flesh


   Skills:
 + Level 7.6 Fighting
 + Level 5.7(9.2) Axes
 + Level 10.3(10.8) Polearms
 + Level 2.3 Throwing
 + Level 8.3 Armour
 + Level 4.4 Dodging
 + Level 2.8 Stealth
 + Level 2.9 Shields


You had 10 spell levels left.
You didn't know any spells.
Your spell library contained the following spells:

 Spells                   Type           Power        Failure   Level  Hunger
 Confusing Touch          Hex            #.....       98%         1    ##.....
 Confuse                  Hex            #.......     100%        3    ####...
 Gell's Gravitas          Tloc           #.........   100%        3    ####...
 Petrify                  Tmut/Erth      #.......     100%        4    #####..
 Metabolic Englaciation   Hex/Ice        #.........   100%        5    ######.
 Yara's Violent Unravell  Hex/Tmut       #.........   100%        5    ######.


Dungeon Overview and Level Annotations

Branches:
Dungeon (10/15)            Temple (0/1) D:4
   Lair: D:8-11         Orc: D:9-12

Altars:
Cheibriados
Dithmenos
Gozag
Hepliaklqana
Kikubaaqudgha
Nemelex Xobeh
Okawaru
Qazlal
Trog
Vehumet
Xom
Zin
The Shining One

Shops:
D:5 [


Innate Abilities, Weirdness & Mutations

You are small and have problems with some larger weapons.
You are somewhat resistant to further mutation.


Message History

Butcher a howler monkey corpse? [(y)es/(n)o/(a)ll/(q)uit/?]
You butcher the howler monkey corpse.
You butcher the bullfrog corpse.
You butcher the howler monkey corpse.
A crocodile comes into view.
A yaktaur captain comes into view.
It is wielding a +2 great sword of holy wrath.
Items here: %%% ÷÷÷
Press: ? - help, v - describe, . - travel
Here: a yaktaur captain, wielding a +2 great sword of holy wrath (hasn't noticed you)
The floor.
Your skin crawls.
You feel resistant to hostile enchantments.
You are feeling very hungry.
The yaktaur captain shouts!
The yaktaur captain unwields a +2 great sword of holy wrath.
It stops glowing.
The yaktaur captain wields a cursed -1 arbalest.
The yaktaur captain shoots a bolt.
The bolt hits you!!!
Ouch! That really hurt!
You die...

......P⌠P....# ##...#
... ..#.P..♣...P#.#
##.#..# .#
..#....P...P##.#
##.##...# .#
..#..PP..♣..#
#.###.####....
..#♣........# #.#○##
##.....
..#####.#########.##
##.##
......).....##.c).# ...
.......#<...#.#.###.#
.. .....>..÷...#..#@..#
..|.........###.....#
...>......#...#.....#
..........#.#.#..t..#
##........[.#..#...#..
............#.#.###.#.#
.....#......## . ..##
##.###......# # ###
....##.......


You could see a yaktaur captain and a crocodile.

Vanquished Creatures
  A tengu reaver (D:10)
  Erica (D:8)
  A tengu conjurer (D:9)
  A hornet (D:9)
  4 wraiths (D:9)
  A wyvern (D:10)
  2 hungry ghosts (D:10)
  A water moccasin (D:9)
  2 orc warriors
  3 ice beasts
  A necrophage (D:9)
  7 ogres
  3 black bears
  4 sky beasts
  2 centaurs
  Blork the orc (D:6)
  2 big kobolds (D:9)
  5 bullfrogs
  5 scorpions
  A wyvern skeleton (D:9)
  A wight (D:9)
  10 killer bees (D:10)
  7 howler monkeys
  4 crimson imps
  A quasit (D:6)
  A jelly (D:10)
  5 orc priests
  2 centaur skeletons
  2 hounds
  3 human zombies (D:9)
  A bullfrog skeleton (D:6)
  Jessica (D:3)
  A human skeleton (D:9)
  Natasha (thrice) (D:2)
  Terence (D:2)
  An iguana (D:5)
  13 orc wizards
  2 worker ants
  A mummy (D:9)
  9 adders
  3 shadow imps
  An ooze (D:3)
  An adder skeleton (D:9)
  A dart slug (D:2)
  3 leopard geckos
  35 orcs
  6 giant cockroaches
  5 goblins
  10 hobgoblins
  2 quokkas
  13 bats
  5 frilled lizards
  A giant cockroach zombie (D:5)
  A jackal zombie (D:9)
  19 kobolds
  A leopard gecko skeleton (D:6)
  An orc zombie (D:9)
  9 rats
234 creatures vanquished.

Vanquished Creatures (others)
  A centaur (D:9)
  2 plants (D:10)
3 creatures vanquished.

Grand Total: 237 creatures vanquished

Notes
Turn   | Place    | Note
-------+----------+-------------------------------------------
     0 | D:1      | myga the Halfling Berserker began the quest for the Orb.
     0 | D:1      | Reached XP level 1. HP: 15/15 MP: 1/1
   101 | D:1      | Reached XP level 2. HP: 20/20 MP: 2/2
   562 | D:2      | Noticed Natasha
   625 | D:2      | Noticed a crimson imp
   630 | D:2      | Killed Natasha
   630 | D:2      | Reached XP level 3. HP: 26/26 MP: 3/3
   828 | D:2      | Noticed Natasha
   857 | D:2      | Killed Natasha
   857 | D:2      | Reached XP level 4. HP: 31/31 MP: 4/4
   907 | D:2      | Noticed Terence
   914 | D:2      | Killed Terence
   914 | D:2      | Reached XP level 5. HP: 36/36 MP: 5/5
  1163 | D:2      | Reached ** piety under Trog
  1364 | D:2      | Reached skill level 1 in Stealth
  1364 | D:2      | Noticed Natasha
  1375 | D:2      | Killed Natasha
  2408 | D:3      | Reached XP level 6. HP: 42/42 MP: 6/6
  2708 | D:3      | Noticed Jessica
  2708 | D:3      | Found a bloodstained altar of Trog.
  2715 | D:3      | Killed Jessica
  3242 | D:4      | Found an iron altar of Okawaru.
  3340 | D:4      | Noticed an ogre
  3346 | D:4      | Killed an ogre
  3346 | D:4      | Reached skill level 5 in Axes
  3495 | D:4      | Found a staircase to the Ecumenical Temple.
  3544 | D:4      | Reached XP level 7. HP: 47/47 MP: 7/7
  4149 | D:5      | Entered Level 5 of the Dungeon
  4218 | D:5      | Reached skill level 1 in Polearms
  4282 | D:5      | Reached *** piety under Trog
  4429 | D:5      | Found Jyeqog's Antique Armour Shop.
  4450 | D:5      | Bought a helmet for 90 gold pieces
  4450 | D:5      | Bought a runed chain mail for 150 gold pieces
  4521 | D:5      | Reached skill level 2 in Polearms
  4521 | D:5      | Reached XP level 8. HP: 54/54 MP: 8/8
  4639 | D:5      | Found a radiant altar of Vehumet.
  4693 | D:5      | Found an opulent altar of Gozag.
  4693 | D:5      | Found a sparkling altar of Nemelex Xobeh.
  5018 | D:6      | Reached skill level 3 in Polearms
  5034 | D:6      | Found a snail-covered altar of Cheibriados.
  5131 | D:6      | Noticed Blork the orc
  5141 | D:6      | Killed Blork the orc
  5213 | D:6      | Reached skill level 4 in Polearms
  5246 | D:6      | Found a hazy altar of Hepliaklqana.
  5247 | D:6      | Found a shimmering altar of Xom.
  5248 | D:6      | Noticed a spectral ugly thing
  5261 | D:6      | Reached skill level 5 in Armour
  5293 | D:6      | Found a glowing silver altar of Zin.
  5377 | D:6      | Reached skill level 5 in Fighting
  5377 | D:6      | Reached XP level 9. HP: 51/61 MP: 9/9
  5609 | D:7      | Reached skill level 1 in Throwing
  5920 | D:7      | Reached skill level 5 in Polearms
  6292 | D:8      | Noticed Erica
  6306 | D:8      | Killed Erica
  6306 | D:8      | Reached skill level 6 in Polearms
  6461 | D:8      | Reached **** piety under Trog
  6583 | D:8      | Reached skill level 1 in Shields
  6730 | D:8      | Reached XP level 10. HP: 67/67 MP: 10/10
  6734 | D:8      | Reached skill level 7 in Polearms
  6901 | D:8      | Found a stormy altar of Qazlal.
  6901 | D:8      | Found a glowing golden altar of the Shining One.
  7482 | D:9      | Reached skill level 8 in Polearms
  7585 | D:9      | Found a shadowy altar of Dithmenos.
  7946 | D:9      | Reached ***** piety under Trog
  8202 | D:9      | Found an ancient bone altar of Kikubaaqudgha.
  8243 | D:9      | Reached skill level 9 in Polearms
  8474 | D:9      | Reached XP level 11. HP: 74/74 MP: 11/11
  8603 | D:10     | Entered Level 10 of the Dungeon
  8645 | D:10     | Paralysed by fainting for 5 turns
  8730 | D:10     | Paralysed by fainting for 7 turns
  9045 | D:10     | Reached skill level 10 in Polearms
  9045 | D:10     | Noticed a tengu reaver
  9063 | D:10     | Killed a tengu reaver
  9068 | D:10     | Noticed a yaktaur captain
  9069 | D:10     | Shot with a bolt by a yaktaur captain

Skill      XL: |  1  2  3  4  5  6  7  8  9 10 11 |
---------------+----------------------------------+-----
Fighting       | 3 4 5 6 7 |  7.6
Dodging        | 3 4 |  4.4
Axes           | 4 5 |  5.7
Stealth        | 1 2 |  2.8
Armour         | 3 4 5 6 7 8 |  8.3
Polearms       | 2 4 6 9 10 | 10.3
Throwing       | 1 2 |  2.3
Shields        | 1 2 |  2.9

Action                   |  1- 3 |  4- 6 |  7- 9 | 10-12 || total
-------------------------+-------+-------+-------+-------++-------
Melee: Hand axe          |    64 |   171 |       |       ||   235
       Trident           |       |    23 |   203 |   449 ||   675
Throw: Stone             |       |     3 |    18 |    12 ||    33
       Tomahawk          |       |       |     2 |     5 ||     7
Invok: Berserk           |     1 |     3 |     4 |     2 ||    10
       Trog's Hand       |       |       |       |     1 ||     1
  Use: Potion            |     1 |     1 |       |       ||     2
       Scroll            |       |     7 |     8 |       ||    15
 Stab: Sleeping          |     1 |     4 |       |       ||     5
  Eat: Chunk             |     1 |    11 |    10 |    12 ||    34
       Ration            |       |       |     1 |     1 ||     2
Armor: Animal skin       |     4 |       |       |       ||     4
       Leather armour    |    10 |    29 |       |       ||    39
       Skin              |     4 |       |       |       ||     4
       Chain mail        |       |     7 |    78 |   159 ||   244
Dodge: Dodged            |    67 |   130 |    67 |   173 ||   437
Block: Other             |       |       |     7 |    66 ||    73
       Reflection        |       |       |       |     6 ||     6
